 Dungeon Crawl Stone Soup version 0.24-a0-250-g6074511 (webtiles) character file.

Game seed: 16838034470278759787

49 Borgoz the Cutter (level 4, 0/27 HPs)
             Began as a Kobold Gladiator on Apr 14, 2019.
             Slain by a big kobold zombie (4 damage)
             ... in an ossuary.
             The game lasted 00:02:17 (806 turns).

Borgoz the Cutter (Kobold Gladiator)                 Turns: 806, Time: 00:02:17

Health: 0/27       AC:  5    Str: 12    XL:     4   Next: 1%
Magic:  4/4        EV: 16    Int:  9    God:
Gold:   15         SH:  0    Dex: 16    Spells: 3/3 levels left

rFire    . . .     SeeInvis .   a - +2 dagger (venom)
rCold    . . .     Gourm    .   (shield restricted)
rNeg     . . .     Faith    .   i - +0 leather armour
rPois    .         Spirit   .   c - +1 helmet
rElec    .         Reflect  .   (no cloak)
rCorr    .         Harm     .   (no gloves)
MR       .....                  (no boots)
Stlth    +.........             (no amulet)
HPRegen  0.09/turn              (no ring)
MPRegen  0.09/turn              (no ring)

@: no status effects
A: small, carnivore
a: no special abilities


You were in an ossuary.
You were completely stuffed.

You visited 1 branch of the dungeon, and saw 3 of its levels.
You also visited: Ossuary.

You collected 15 gold pieces.

Inventory:

Hand Weapons
 a - a +2 dagger of venom (weapon)
 b - a +0 rapier
Missiles
 d - 3 throwing nets (quivered)
Armour
 c - a +1 helmet (worn)
 i - a +0 leather armour (worn)
Scrolls
 e - a scroll of amnesia
Potions
 j - 2 potions of haste
 l - a potion of flight {unknown}
Comestibles
 f - 2 rations


   Skills:
 + Level 2.9 Fighting
 + Level 4.5 Short Blades
 - Level 2.1 Throwing
 + Level 1.1 Armour
 + Level 4.2 Dodging


You had 3 spell levels left.
You didn't know any spells.
Your spell library was empty.

Dungeon Overview and Level Annotations

Branches:
Dungeon (4/15)
 Temple: D:4-7

Altars:


Innate Abilities, Weirdness & Mutations

You are small and have problems with some larger weapons.
You are carnivorous and can eat meat at any time.


Message History

The big kobold zombie closely misses you.
You barely miss the big kobold zombie.
The big kobold zombie is heavily damaged.
The hobgoblin zombie barely misses you.
You hit the big kobold zombie.
The big kobold zombie is severely damaged.
The big kobold zombie misses you.
You hit the big kobold zombie.
The big kobold zombie is severely damaged.
The hobgoblin zombie hits you but does no damage.
You barely miss the big kobold zombie.
The big kobold zombie is severely damaged.
The big kobold zombie hits you.
* * * LOW HITPOINT WARNING * * *
You hit the big kobold zombie.
The big kobold zombie is severely damaged.
The hobgoblin zombie hits you.
* * * LOW HITPOINT WARNING * * *
The big kobold zombie hits you.
You die...

### #########
#??!!#...#..∩#
+!/?!#.∩.'.^.#
#??!!#...#...#
#### #####^^^#
#^.^# ###@#
#.ZZ# #...#
#...# #...#
##+##


You could see a hobgoblin zombie and a big kobold zombie.

Vanquished Creatures
  A big kobold zombie (Ossuary)
  A worm (D:2)
  A dart slug (D:1)
  A leopard gecko (D:1)
  A bat (D:1)
  A giant cockroach (D:1)
  3 goblins
  4 hobgoblins (D:1)
  2 jackals (D:1)
  A goblin zombie (D:4)
  2 kobolds (D:1)
  An orc zombie (Ossuary)
  A quokka zombie (D:4)
  3 rats (D:1)
23 creatures vanquished.

Notes
Turn   | Place    | Note
-------+----------+-------------------------------------------
     0 | D:1      | Borgoz the Kobold Gladiator began the quest for the Orb.
     0 | D:1      | Reached XP level 1. HP: 12/12 MP: 1/1
    71 | D:1      | Reached XP level 2. HP: 16/18 MP: 2/2
   377 | D:1      | Reached XP level 3. HP: 20/22 MP: 3/3
   658 | D:2      | You fall through a shaft for 2 floors!
   723 | D:4      | Found a sand-covered staircase.
   746 | Ossuary  | Entered an ossuary
   790 | Ossuary  | Reached skill level 1 in Armour
   790 | Ossuary  | Reached XP level 4. HP: 19/27 MP: 4/4
   806 | Ossuary  | Slain by a big kobold zombie

Levels and vault maps discovered:
D:1:      dpeg_arrival_windows_large_door, layout_rooms
D:2:      layout_rooms, fedhas_ov_isle_minmay, nicolae_qazlal_eye_of_the_storm
D:4:      layout_loops_corners, tgw_trog, cheibriados_altar_1,
          overflow_temple_1_default, kiku_gazebo_pond_becter, minitemple,
          enter_ossuary_4
Ossuary:  ossuary_tomb_2

Skill      XL: |  1  2  3 |
---------------+----------+-----
Dodging        | 4 |  4.2
Armour         | 1 |  1.1
Fighting       | |  2.9
Short Blades   | |  4.5
Throwing       | |  2.1

Action                   |  1- 3 |  4- 6 || total
-------------------------+-------+-------++-------
Melee: Rapier            |    40 |       ||    40
       Dagger            |    70 |    16 ||    86
  Use: Scroll            |     5 |       ||     5
  Eat: Chunk             |     8 |       ||     8
Armor: Leather armour    |    21 |     5 ||    26
Dodge: Dodged            |    65 |     8 ||    73

Table legend:
 A = Non-vault XP
 B = Vault XP
 C = Vault XP percentage of total XP
 D = Non-vault monster count
 E = Vault monster count
 F = Vault count percentage of total count
                 A         B        C        D         E       F
            +---------+---------+-------+---------+---------+-------
      Total |      40 |      30 |  42.9 |      19 |       4 |  17.4
            +---------+---------+-------+---------+---------+-------
        D:1 |      33 |       0 |   0.0 |      17 |       0 |   0.0
        D:2 |       7 |       0 |   0.0 |       2 |       0 |   0.0
        D:4 |       0 |       2 | 100.0 |       0 |       2 | 100.0
    Ossuary |       0 |      28 | 100.0 |       0 |       2 | 100.0
            +---------+---------+-------+---------+---------+-------
